 Dungeon Crawl Stone Soup version 0.31-a0-1278-g11c5b68f87 (webtiles) character file.

Game seed: 14886989027733368824

59 Adrian566 the Chopper (level 4, 39/40 HPs)
             Began as a Hill Orc Fighter on Dec 17, 2023.
             Quit the game on level 3 of the Dungeon on Jan 22, 2024.
             The game lasted 00:04:19 (1620 turns).

Adrian566 the Chopper (Hill Orc Fighter)            Turns: 1620, Time: 00:04:19

Health: 39/40      AC: 12    Str: 20    XL:     4   Next: 3%
Magic:  4/4        EV:  5    Int:  8    God:
Gold:   82         SH:  4    Dex: 10    Spells: 3/3 levels left

rFire   . . .        a - +0 war axe
rCold   . . .        c - +0 buckler
rNeg    . . .        t - +0 plate armour
rPois   .            (no helmet)
rElec   .            (no cloak)
rCorr   +            (no gloves)
SInv    .            q - +0 pair of boots
Will    .....        (no amulet) Stlth
                     p - ring of resist corrosion
HPRegen 0.26/turn    (no ring)
MPRegen 0.09/turn

%: no passive effects
@: mighty
A: no striking features
a: no special abilities


You were on level 3 of the Dungeon.
You visited 1 branch of the dungeon, and saw 3 of its levels.

You collected 82 gold pieces.

Inventory:

Hand Weapons
 a - a +0 war axe (weapon)
Missiles
 i - a throwing net
Armour
 b - a +0 scale mail
 c - a +0 buckler (worn)
 q - a +0 pair of boots (worn)
 t - a +0 plate armour (worn)
Jewellery
 p - a ring of resist corrosion (left hand)
Scrolls
 g - a scroll of enchant weapon {unknown}
 k - a scroll of silence {unknown}
 l - a scroll of fog {unknown}
 n - 2 scrolls of identify {unknown}
 o - a scroll of noise {unknown}
 r - a scroll of fear {unknown}
Potions
 f - a potion of curing
 j - 3 potions of heal wounds {unknown}
 m - 2 potions of cancellation {unknown}
 s - a potion of lignification {unknown}
 u - a potion of enlightenment {unknown}


   Skills:
 + Level 3.8 Fighting
 * Level 4.3 Axes
 + Level 4.0 Armour
 + Level 0.1 Stealth
 + Level 3.5 Shields


You had 3 spell levels left.
You didn't know any spells.
Your spell library was empty.

Dungeon Overview and Level Annotations

Branches:
Dungeon (3/15)

Altars:

Annotations:
D:3 Sigmund


Message History

A hobgoblin is nearby!
You slash the hobgoblin!
You kill the hobgoblin!
Sigmund the Dreaded comes into view.
He is wielding a +0 scythe and wearing a +2 robe of willpower.
You have reached level 4!
You feel very mighty all of a sudden.
Sigmund shouts!
Sigmund says, "I'm your fate."
Sigmund gestures wildly while chanting.
Sigmund flickers and vanishes!
Deactivating autopickup; reactivate with Ctrl-A.
No target in view!
No target in view!
No target in view!
It was a potion of curing.
You feel better.
As you read the scroll labelled SOVUKHL WISHRYZ, it crumbles to dust.
You hear the flapping of tiny wings.
It was a scroll of butterflies.
Something completely misses your butterfly.
As you read the scroll labelled TIEWAI CEERA, it crumbles to dust.
You feel strangely unstable.
It was a scroll of teleportation.
You swap places.
Something hits your butterfly!
Your butterfly dies!
Your butterfly disappears in a burst of colours!
You swap places.
Your surroundings suddenly seem different.
A kobold comes into view. It is wielding a +0 sling.
The kobold shouts!
The kobold unwields a +0 sling.
The kobold wields a +0 short sword.
The kobold hits you but does no damage.
The kobold hits you with a +0 short sword.
You slash the kobold!
You kill the kobold!
Things that are here:
a +0 short sword; a +0 sling; 3 stones You hear the sound of rushing water.
There is an entrance to a sewer on this level.
Hurry and find it before the portal rusts away!
Level annotation: Sigmund Welcome back, Adrian566 the Hill Orc Fighter.
Press ? for a list of commands and other information.
Are you sure you want to abandon this character and quit the game? (Confirm with "yes".)

#### .....
########.....
#............
#............
#............
#....@.......
#............
#.............
#........#####
#..........
#...........
.............
##.#.###....##


There were no monsters in sight!

Vanquished Creatures
  An adder (D:2)
  3 dart slugs
  A bat (D:1)
  3 endoplasms (D:1)
  4 goblins
  3 hobgoblins
  10 jackals
  5 kobolds
  6 ball pythons (D:1)
  A frilled lizard (D:2)
  A rat (D:2)
38 creatures vanquished.

Notes
Turn   | Place    | Note
-------+----------+-------------------------------------------
     0 | D:1      | Adrian566 the Hill Orc Fighter began the quest for the Orb.
     0 | D:1      | Reached XP level 1. HP: 19/19 MP: 1/1
    81 | D:1      | Reached XP level 2. HP: 22/27 MP: 2/2
   393 | D:1      | Reached XP level 3. HP: 30/33 MP: 3/3
   919 | D:2      | Found a faded altar of an unknown god.
  1608 | D:3      | Noticed Sigmund
  1609 | D:3      | Reached XP level 4. HP: 40/40 MP: 4/4
  1620 | D:3      | Quit the game

Illustrated notes

Levels and vault maps discovered:
D:1:      lightli_iron_boxes, layout_basic
D:2:      layout_basic, nicolae_ecumenical_lake_church, serial_rivers,
          chequers_serial_rivers_small_b, chequers_serial_rivers_marsh,
          chequers_serial_rivers_small_b, chequers_serial_rivers_small_b
D:3:      layout_basic, overflow_temple_1_default, grunt_temple_overflow_open,
          portal_sewer_entry_d, serial_rivers, chequers_serial_rivers_micro_b,
          chequers_serial_rivers_micro_c, chequers_serial_rivers_micro_d,
          chequers_serial_rivers_small_3, st_stairs_1, wad_orctagon,
          uniq_sigmund, uniq_jessica

Skill      XL: |  1  2  3 |
---------------+----------+-----
Axes           | 3 4 |  4.3
Armour         | 4 |  4.0
Fighting       | |  3.8
Stealth        | |  0.1
Shields        | |  3.5

Action                     |  1- 3 |  4- 6 || total
---------------------------+-------+-------++-------
  Melee: War axe           |    86 |     1 ||    87
    Use: Scroll            |       |     2 ||     2
         Potion            |       |     2 ||     2
 Armour: Scale mail        |    59 |       ||    59
         Plate armour      |     7 |     2 ||     9
  Dodge: Dodged            |    40 |       ||    40
  Block: Buckler           |    20 |       ||    20

Table legend: (Time is in decaauts)
 A = Elapsed time spent in this place.
 B = Non-inter-level travel time spent in this place.
 C = Inter-level travel time spent in this place.
 D = Time resting spent in this place.
 E = Time spent auto-exploring this place.
 F = Levels seen in this place.
 G = Mean time per level.
                   A        B        C        D        E       F      G
               +--------+--------+--------+--------+--------+-----+--------+
         Total |   1656 |   1612 |     44 |      0 |   1346 |   3 |  552.0 |
       Dungeon |   1656 |   1612 |     44 |      0 |   1346 |   3 |  552.0 |
               +--------+--------+--------+--------+--------+-----+--------+

Top non-repeatable levels by time:
     D:1: 842 daAuts
     D:2: 730 daAuts
     D:3: 83 daAuts
